Map: Cerulean Fall LE

Players

Freeman

  • Race: Protoss Protoss
  • League: Platinum
  • Spawn Location: 7:00

A.I. 1 (Very Easy)

  • Race: Terran Terran
  • Spawn Location: 1:00

VOD

Have the link to the VOD?

Description

Time

  • Played on: Jan. 21, 2019, 3:40 p.m.
  • Length: 16:54
Show
View Real Time Build Order
Export as new Build Order

Freeman Protoss 

Build Orders: Oracle Opening, Carriers 

Get SALT Encoding   

  12  0:02  Probe x12  
    0:14  Unknown  
    0:15  Probe  
  13  0:28  Probe  
  14  0:37  Pylon  
  14  0:40  Probe  
  15  0:54  Probe  
  15  0:55  Gateway  
  16  1:01  Assimilator  
  16  1:02  Probe  
  16  1:10  Probe  
  18  1:22  Probe  
  19  1:34  Probe  
  20  1:46  Nexus  
  20  1:58  Cybernetics Core  
  20  2:00  Probe  
  20  2:05  Assimilator  
  21  2:08  Probe  
  22  2:17  Probe  
  22  2:18  Pylon  
  23  2:27  Adept  
  23  2:36  Probe  
  26  2:46  Stargate  
  26  2:48  Probe  
  27  2:59  Probe  
  27  3:00  Probe  
  29  3:05  Adept  
  29  3:11  Probe  
  29  3:12  Probe  
  33  3:16  Pylon  
  33  3:20  Oracle  
  33  3:24  Probe x2  
  38  3:36  Probe x2  
  38  3:40  Assimilator  
  40  3:41  Assimilator  
  40  3:45  Pylon  
  40  3:48  Probe  
  41  4:01  Probe  
  42  4:09  Forge  
  42  4:12  Shield Battery  
  42  4:15  Shield Battery  
  42  4:17  Shield Battery  
  42  4:18  Probe  
  42  4:19  Probe  
  44  4:25  Shield Battery  
  44  4:29  Pylon, Phoenix  
  44  4:31  Probe  
  47  4:32  Pylon x2  
  47  4:37  Probe  
  48  4:43  Probe  
  49  4:49  Probe  
  50  4:54  Photon Cannon  
  50  4:55  Probe  
  51  5:01  Probe, Photon Cannon  
  52  5:09  Stargate  
  52  5:10  Stargate  
  52  5:25  Phoenix  
  54  5:42  Phoenix  
  54  5:54  Phoenix x2, Protoss Air Weapons Level 1  
  60  6:00  Probe  
  60  6:03  Probe  
  62  6:04  Phoenix  
  62  6:11  Phoenix x2  
  64  6:21  Fleet Beacon  
  64  6:25  Photon Cannon  
  68  6:29  Phoenix, Photon Cannon  
  68  6:31  Photon Cannon  
  70  6:35  Photon Cannon  
  70  6:44  Phoenix, Photon Cannon  
  72  6:55  Nexus  
  72  7:00  Protoss Shields Level 1  
  72  7:07  Phoenix  
  74  7:15  Phoenix x2  
  84  7:53  Protoss Air Weapons Level 2  
  78  8:06  Carrier  
  78  8:07  Carrier  
  78  8:12  Assimilator  
  90  8:13  Probe x3  
  90  8:15  Assimilator  
  90  8:17  Pylon  
  93  8:21  Pylon  
  93  8:26  Pylon  
  93  8:28  Pylon  
  93  8:40  Photon Cannon  
  93  8:44  Photon Cannon  
  93  8:47  Photon Cannon  
  93  8:53  Probe x2, Photon Cannon  
  93  8:55  Probe  
  96  8:58  Shield Battery  
  96  9:05  Probe x2, Carrier  
  96  9:07  Probe  
  105  9:17  Probe  
  105  9:21  Carrier  
  105  9:23  Probe  
  105  9:24  Probe  
  114  10:08  Robotics Facility  
  114  10:09  Protoss Air Armor Level 1  
  114  10:11  Twilight Council  
  122  10:23  Carrier x2  
  122  10:25  Carrier  
  132  10:34  Nexus  
  132  10:46  Pylon  
  132  10:52  Pylon  
  132  11:03  Probe  
  133  11:04  Probe  
  133  11:09  Pylon  
  134  11:12  Protoss Shields Level 2  
  134  11:16  Observer  
  135  11:21  Assimilator  
  135  11:26  Assimilator  
  135  11:27  Carrier x2  
  135  11:29  Carrier  
  153  11:46  Photon Cannon  
  153  11:50  Photon Cannon  
  153  11:53  Protoss Air Weapons Level 3  
  153  11:59  Mothership  
  161  12:06  Photon Cannon  
  161  12:20  Photon Cannon  
  161  12:23  Shield Battery  
  161  12:54  Nexus  
  161  12:55  Carrier  
  161  12:56  Probe  
  161  12:57  Probe x2  
  170  13:01  Pylon  
  170  13:04  Pylon  
  170  13:07  Pylon  
  170  13:09  Pylon  
  170  13:12  Assimilator  
  170  13:16  Assimilator  
  170  13:19  Carrier  
  176  13:21  Pylon  
  176  13:22  Carrier  
  176  13:24  Pylon, Protoss Shields Level 3  
  182  13:30  Pylon  
  182  13:44  Probe  
  182  13:45  Probe x2  
  185  13:51  Photon Cannon  
  185  13:53  Probe  
  185  13:54  Photon Cannon  
  186  13:58  Photon Cannon  
  186  14:03  Shield Battery  
  186  14:06  Photon Cannon  
  186  14:12  Carrier  
  192  14:20  Protoss Air Armor Level 2  
  198  15:00  Carrier  
  198  15:09  Observer  
  199  15:19  Robotics Bay  
  199  15:21  Nexus  
  199  15:23  Pylon  
  199  15:27  Pylon  
  199  15:30  Pylon  
  199  15:32  Pylon  
  199  15:35  Assimilator  
  199  15:38  Assimilator  
  199  16:27  Photon Cannon  
  199  16:32  Photon Cannon  
  199  16:36  Photon Cannon  
  199  16:41  Photon Cannon  
  199  16:44  Shield Battery  
  199  16:50  Pylon  
  199  16:53  Pylon  
Show
View Real Time Build Order
Export as new Build Order

A.I. 1 (Very Easy) Terran 

Build Orders: Command Center First (CC) 

Get SALT Encoding   

  12  0:02  SCV x12  
    0:14  Unknown  
    0:17  SCV  
  13  0:29  SCV  
  13  0:33  Supply Depot  
  14  0:41  SCV  
  15  0:55  SCV  
  16  1:07  SCV  
  17  1:19  SCV  
  17  1:21  Command Center  
  18  1:31  Barracks  
  18  1:41  Supply Depot  
  18  1:45  Refinery  
  18  1:47  SCV  
  19  1:55  Refinery  
  19  2:00  SCV  
  20  2:18  Marine  
  21  2:36  Reaper  
  22  2:38  SCV  
  23  2:45  SCV  
  24  2:52  SCV  
  25  2:59  SCV  
  26  3:07  SCV  
  27  3:12  Factory  
  27  3:14  SCV  
  27  3:18  Marine  
  29  3:33  SCV  
  30  4:00  Starport  
  30  4:05  Marine  
  31  4:25  Barracks Tech Lab  
  31  4:37  Supply Depot  
  31  4:38  Starport Tech Lab  
  31  4:53  Marine  
  31  4:56  Raven  
  31  5:39  Raven  
  31  5:40  Marauder  
  34  6:27  Marine  
  35  6:43  Command Center  
  34  7:14  Marine  
  35  7:25  SCV  
  31  7:32  SCV  
  23  7:38  Raven  
  23  7:39  SCV  
  23  7:44  Hellion  
  21  7:46  SCV  
  19  7:53  SCV  
  20  7:59  Refinery  
  20  8:01  SCV  
  21  8:08  SCV  
  21  8:09  Refinery  
  21  8:11  Marine  
  23  8:15  SCV  
  24  8:21  Raven  
  24  8:22  SCV  
  27  8:29  SCV  
  28  8:36  SCV  
  28  8:40  Marine  
  30  8:43  SCV  
  31  8:51  SCV  
  32  8:58  SCV  
  33  9:05  SCV  
  34  9:12  SCV  
  35  9:20  SCV  
  36  9:27  Marine, SCV  
  38  9:34  SCV  
  30  9:41  SCV  
  22  9:48  SCV  
  22  9:49  Raven  
  19  9:55  SCV  
  19  9:57  Hellion  
  12  10:03  SCV  
  13  10:10  SCV  
  14  10:17  SCV  
  15  10:24  SCV  
  15  10:25  Hellion  
  18  10:31  SCV  
  18  10:32  Raven  
  21  10:38  SCV  
  22  10:46  SCV, Marine  
  24  10:53  SCV  
  25  11:00  SCV  
  26  11:04  Marine  
  26  11:07  SCV  
  28  11:14  SCV  
  28  11:15  Medivac  
  31  11:21  SCV  
  31  11:23  Marine  
  33  11:28  SCV  
  34  11:36  SCV  
  35  11:42  Marauder  
  35  11:43  SCV  
  35  11:45  Medivac  
  40  11:50  SCV  
  41  11:57  SCV  
  42  12:03  Marine  
  42  12:05  SCV  
  44  12:12  SCV  
  44  12:15  Raven  
  40  12:20  SCV  
  40  12:21  Marine  
  35  12:27  SCV  
  28  12:34  SCV  
  21  12:39  Marauder  
  14  12:44  SCV  
  12  12:54  SCV  
  12  12:58  Medivac  
  15  13:00  Marine  
  15  13:04  SCV  
  17  13:12  SCV  
  18  13:18  Marine  
  18  13:19  Ghost Academy  
  19  13:33  SCV, Raven  
  22  13:36  Marine  
  22  13:40  SCV  
  24  13:47  SCV  
  25  13:53  Marine  
  25  13:54  SCV  
  26  14:01  SCV  
  27  14:08  SCV  
  28  14:11  Marine  
  28  14:16  Medivac, SCV  
  32  14:23  SCV  
  33  14:29  Marine  
  33  14:30  SCV  
  25  14:37  SCV  
  18  14:44  SCV  
  7  14:54  SCV  
  7  14:55  SCV  
  7  14:58  Viking  
  6  15:13  SCV  
  6  15:31  Marine  
  7  15:45  SCV  
  8  15:58  SCV  
  9  16:09  SCV  
Tags
 
Add a new tag
Caveats
  • Supply blocks, unpowered buildings, or Contaminate may cause inaccurate times.
  • Supply counts are checked every 10 seconds.